 Dungeon Crawl Stone Soup version 0.24.0-2-g5b39cebb1c (webtiles) character file.

Game seed: 2475309733017562266, levelgen mode: deterministic

42 Descartes the Sneak (level 3, -2/16 HPs)
             Began as a Spriggan Conjurer on Oct 30, 2019.
             Killed from afar by an orc wizard (6 damage)
             ... with a magic dart
             ... on level 2 of the Dungeon.
             The game lasted 00:05:05 (1752 turns).

Descartes the Sneak (Spriggan Conjurer)             Turns: 1752, Time: 00:05:06

Health: -2/16      AC:  3    Str:  4    XL:     3   Next: 35%
Magic:  7/8        EV: 19    Int: 17    God:
Gold:   42         SH:  0    Dex: 16    Spells: 7/8 levels left

rFire    . . .     SeeInvis +   k - +0 rapier
rCold    . . .     Gourm    .   (shield restricted)
rNeg     . . .     Faith    .   a - +0 robe
rPois    .         Spirit   .   (helmet restricted)
rElec    .         Reflect  .   g - +0 cloak
rCorr    .         Harm     .   (gloves unavailable)
MR       .....                  (boots unavailable)
Stlth    +++.......             (no amulet)
HPRegen  0.05/turn              (no ring)
MPRegen  0.11/turn              (no ring)

@: very quick
A: very small, unfitting armour, see invisible, herbivore, speed 3, slow
metabolism 2
a: no special abilities


You were on level 2 of the Dungeon.
You were not hungry.

You visited 1 branch of the dungeon, and saw 2 of its levels.

You collected 42 gold pieces.

Inventory:

Hand Weapons
 k - a +0 rapier (weapon)
Missiles
 b - 16 arrows
 e - 23 bolts
 f - 19 stones (quivered)
 j - 17 sling bullets
Armour
 a - a +0 robe (worn)
 g - a +0 cloak (worn)
Scrolls
 h - a scroll of enchant weapon {unknown}
 m - a scroll of remove curse
Potions
 d - a potion of berserk rage {unknown}
 i - a potion of magic {unknown}
 l - a potion of cancellation {unknown}
Comestibles
 c - 3 rations


   Skills:
 + Level 3.8 Dodging
 + Level 3.9 Stealth
 + Level 3.3 Spellcasting
 + Level 3.2 Conjurations


You had 7 spell levels left.
You knew the following spells:

 Your Spells              Type           Power        Failure   Level  Hunger
a - Magic Dart            Conj           ##..         4%          1    None

Your spell library contained the following spells:

 Spells                   Type           Power        Failure   Level  Hunger
 Searing Ray              Conj           ##....       7%          2    ##.....
 Dazzling Spray           Conj/Hex       #.....       26%         3    ###....
 Iskenderun's Mystic Bla  Conj           ##......     41%         4    ####...
 Force Lance              Conj/Tloc      #.......     65%         4    ####...
 Fulminant Prism          Conj/Hex       #.........   65%         4    ####...


Dungeon Overview and Level Annotations

Branches:
Dungeon (2/15)

Altars:


Innate Abilities, Weirdness & Mutations

You are very small and have problems with some larger weapons.
You are too small for most types of armour.
You have supernaturally acute eyesight. (SInv)
You are a herbivore.
You cover ground extremely quickly.
You need to consume almost no food.


Message History

You kill the giant cockroach!
Casting: Magic Dart (safe; 4% risk of failure)
Confirm with . or Enter, or press ? or * to list all spells.
You can't see any susceptible monsters within range! (Use Z to cast anyway.) Unknown command.
You start resting.
Magic restored.
The orc wizard gestures at you while chanting.
The puff of flame hits you!
Ouch! That really hurt!
* * * LOW HITPOINT WARNING * * *
Casting: Magic Dart (safe; 4% risk of failure)
Confirm with . or Enter, or press ? or * to list all spells.
Aiming: Magic Dart (safe; 4% risk of failure)
Press: ? - help, Shift-Dir - straight line, f - orc wizard
Aim: an orc wizard, wielding a +0 dagger and wearing a +0 robe The magic dart hits the orc wizard but does no damage.
The orc wizard gestures at you while chanting.
The magic dart hits you.
You die...

#######################
#.....................#
#.#############.......#
#.# #.#####.# #.# #.#
##.###### #@#
...........# #.###
##.#######.# #.#.## #.#
#.# #....# #.# #.#
#..... ##.#
#.####...o.. ...#
#.##.....)o. ####
#.##.#..... ##.##.#


You could see an orc wizard.

Vanquished Creatures
  2 dart slugs (D:1)
  A worm (D:2)
  2 orcs (D:2)
  4 bats (D:1)
  3 giant cockroaches
  2 hobgoblins
  3 jackals (D:1)
  7 kobolds
  A ball python (D:2)
  A frilled lizard (D:2)
  2 goblins
  5 rats
33 creatures vanquished.

Notes
Turn   | Place    | Note
-------+----------+-------------------------------------------
     0 | D:1      | Descartes the Spriggan Conjurer began the quest for the
                  | Orb.
     0 | D:1      | Reached XP level 1. HP: 9/9 MP: 5/5
   211 | D:1      | Reached XP level 2. HP: 13/13 MP: 3/6
  1125 | D:2      | Reached XP level 3. HP: 16/16 MP: 5/8
  1752 | D:2      | Killed from afar by an orc wizard

Levels and vault maps discovered:
D:1:      kennysheep_arrival_forest, layout_basic
D:2:      layout_loops_ring, marbit_many_paths

Skill      XL: |  1  2 |
---------------+-------+-----
Conjurations   | 3 |  3.2
Spellcasting   | 3 |  3.3
Dodging        | |  3.8
Stealth        | |  3.9

Action                   || total
-------------------------++-------
Melee: Dagger            ||    18
 Cast: Magic Dart        ||    75
  Use: Scroll            ||     1
Armor: Robe              ||     2
Dodge: Dodged            ||    25
